AoeStats
← Erickinio

Arena

508674987Analyzed
2v2 RM · 9d ago on Sep 23, 2026· 39m 56s· 4 players
Game mode
Random Map
Map size
Medium (4 player)
Population
200
Speed
Normal
Resources
Standard
Victory
Conquest
Starting age
Dark Age
Ending age
Imperial Age
RankedLock teamsTeams togetherTeam positionsShared explorationLock speedFull tech treeHidden civsTurbo modeCheats
Victory
Defeat
🇮🇹 Italians · Italy
913
+13
🇦🇷 Celts · Argentina
886
+13
🇪🇸 Mongols · Spain
839
-13
🇪🇸 Celts · Spain
837
-13
Erickinio
11:59 Feudal Age
12:04 Man-at-Arms
12:30 Arson
12:36 Double-Bit Axe
13:43 Loom
15:55 Forging
17:24 Scale Mail Armor
20:43 Gold Mining
20:44 Stone Mining
23:32 Wheelbarrow
29:01 Castle Age
29:24 Fletching
29:34 Padded Archer Armor
31:30 Iron Casting
31:11 Chain Mail Armor
30:17 Long Swordsman
32:08 Gambesons
33:06 Bow Saw
37:39 Stone Shaft Mining
37:09 Town Watch
38:30 Gold Shaft Mining
38:46 Chain Mail Armor
38:35 Pikeman
40:07 Hand Cart
39:52 Town Patrol
maalrugu
9:40 Loom
11:45 Feudal Age
15:49 Castle Age
14:17 Town Watch
15:10 Wheelbarrow
15:35 Double-Bit Axe
15:44 Gold Mining
18:31 Horse Collar
20:42 Bow Saw
22:46 Heavy Plow
25:50 Silk Road
27:09 Fletching
27:20 Padded Archer Armor
27:54 Stone Mining
31:01 Imperial Age
29:06 Hand Cart
29:12 Leather Archer Armor
29:23 Bodkin Arrow
31:44 Bracer
32:14 Ring Archer Armor
33:00 Chemistry
32:42 Conscription
33:12 Murder Holes
33:38 Ballistics
35:04 Elite Genoese Crossbowman
36:19 Pirotechnia
36:47 Hoardings
39:21 Two-Man Saw
38:56 Crop Rotation
Rasel
8:52 Feudal Age
9:18 Double-Bit Axe
9:17 Horse Collar
16:30 Castle Age
14:18 Loom
16:47 Wheelbarrow
17:49 Bow Saw
22:28 Crossbowman
24:00 Thumb Ring
23:52 Fletching
24:03 Padded Archer Armor
24:32 Man-at-Arms
29:20 Bloodlines
29:10 Husbandry
29:33 Hand Cart
39:47 Imperial Age
37:47 Leather Archer Armor
37:28 Bodkin Arrow
TujaMuriGTI
0:27 Loom
11:29 Feudal Age
12:03 Double-Bit Axe
17:21 Castle Age
19:57 Man-at-Arms
21:48 Forging
22:33 Stone Mining
23:08 Long Swordsman
24:43 Bow Saw
31:54 Wheelbarrow
36:06 Horse Collar
39:18 Forging
39:09 Scale Mail Armor
Connection lost

Rejoining the realm…

Still unreachable

The connection could not be restored.

Session expired

The server has moved on; the page needs a fresh start.